 Dungeon Crawl Stone Soup version 0.30-b1-2-g02819fbbbe (webtiles) character file.

Game seed: 14552580411575863197

46 Alarkh the Sneak (level 3, 29/29 HPs)
             Began as a Demonspawn Delver on May 22, 2023.
             Got out of the dungeon alive.
             The game lasted 00:01:50 (1176 turns).

Alarkh the Sneak (Demonspawn Delver)                Turns: 1176, Time: 00:01:51

Health: 29/29      AC:  3    Str: 12    XL:     3   Next: 44%
Magic:  3/3        EV: 11    Int: 13    God:
Gold:   83         SH:  0    Dex: 14    Spells: 2/2 levels left

rFire   . .          .
                       - Unarmed
rCold   . . .        (no shield)
rNeg    + . .        a - +0 leather armour
rPois   .            (no helmet)
rElec   .            (no cloak)
rCorr   .            (no gloves)
SInv    .            (no boots)
Will    .....        (no amulet)
Stlth   ++           h - ring of positive energy
HPRegen 0.24/turn    (no ring)
MPRegen 0.16/turn

%: no passive effects
@: no status effects
A: demonic guardian 1, magic regeneration
a: no special abilities


You escaped.
You visited 1 branch of the dungeon, and saw 5 of its levels.

You collected 83 gold pieces.

Inventory:

Armour
 a - a +0 leather armour (worn)
Jewellery
 h - a ring of positive energy (left hand)
Wands
 f - a wand of digging (3)
Scrolls
 b - 2 scrolls of fog
 c - 2 scrolls of magic mapping
 d - a scroll of fear
Potions
 e - a potion of attraction
 g - a potion of curing
 i - a potion of resistance
 j - a potion of berserk rage
 l - a potion of cancellation


   Skills:
 - Level 3.0 Fighting
 - Level 1.7 Dodging
 - Level 4.5 Stealth
 + Level 3.5 Unarmed Combat


You had 2 spell levels left.
You didn't know any spells.
Your spell library contained the following spells:

 Spells                   Type           Power      Damage    Failure   Level
 Apportation              Tloc           0%         N/A       36%         1
 Vhi's Electric Charge    Tloc/Air       0%         N/A       75%         3
 Alistair's Intoxication  Tmut/Pois      0%         N/A       100%        5
 Arcjolt                  Conj/Air       0%         1d10      100%        5
 Plasma Beam              Fire/Air       0%         2x1d11    100%        6


Dungeon Overview and Level Annotations

Branches:
Dungeon (5/15)
 Temple: D:4-7

Altars:


Innate Abilities, Weirdness & Mutations

A weak demonic guardian rushes to your aid.
You regenerate magic rapidly.


Message History

The bat barely misses you.
You hit the bat.
You kill the bat!
You barely miss the ball python. The ball python misses you.
The ball python barely misses you.
You hit the ball python.
You kill the ball python!
No target in view!
No target in view!
No target in view!
No target in view!
No target in view!
No target in view!
No target in view!
No target in view!
No target in view!
No target in view!
No target in view!
You see here a ball python corpse.
There is a stone staircase leading down here.
g - a bubbling purple potion
j - a metallic blue potion
r - 2 scrolls of identify (gained 1)
k - a scroll labelled TERINETHR VUNESCH
Found 3 silver javelins.
As you read the scroll of identify, it crumbles to dust.
g - a potion of curing
As you read the scroll of identify, it crumbles to dust.
j - a potion of berserk rage The air fills with toxic fumes!
As you read the scroll labelled TERINETHR VUNESCH, it crumbles to dust.
It was a scroll of poison.
You start waiting.
A bat comes into view.
A bat is nearby!
(D) Dungeon
Where to? (Enter - D:1 @ (x,y), ? - help)
There is a staircase leading out of the dungeon here.
Are you sure you want to leave the Dungeon?
This will make you lose the game!
You have escaped!

#.####....######.######.####..
#....†.##.................##.#
######.>.........######.#....)
#####.........####.###.##
##.............##..#
####.8......###..##.###
#≈§≈.......###..>......
#≈§§≈§......#..#.######
#>≈≈≈.@8..8...#.†#
#≈≈≈§.........#.##
#≈≈≈.......#.##)#
####.8..........#
#.......###### ##.....##
#.##### ###


There were no monsters in sight!

Vanquished Creatures
  An adder (D:2)
  2 dart slugs
  An orc (D:3)
  3 ball pythons
  A bat (D:1)
  A giant cockroach (D:1)
  A goblin (D:4)
  2 hobgoblins
  4 jackals (D:4)
  3 kobolds
  2 quokkas
  A frilled lizard (D:2)
  4 rats
26 creatures vanquished.

Vanquished Creatures (collateral kills)
  A goblin (D:1)
  2 kobolds (D:1)
3 creatures vanquished.

Grand Total: 29 creatures vanquished

Notes
Turn   | Place    | Note
-------+----------+-------------------------------------------
     0 | D:5      | Alarkh the Demonspawn Delver began the quest for the Orb.
     0 | D:5      | Reached XP level 1. HP: 18/18 MP: 1/1
    50 | D:5      | Noticed an orc priest
    50 | D:5      | Noticed an orc priest
    50 | D:5      | Noticed a scorpion
   540 | D:3      | Gained mutation: You regenerate magic rapidly. [demonic
                  | ancestry]
   540 | D:3      | Reached XP level 2. HP: 21/24 MP: 2/2
   851 | D:2      | Gained mutation: A weak demonic guardian rushes to your
                  | aid. [demonic ancestry]
   851 | D:2      | Reached XP level 3. HP: 29/29 MP: 3/3
  1176 | D:$      | Got out of the dungeon alive.

Illustrated notes

Levels and vault maps discovered:
D:1:      grunt_arrival_lava_bath, layout_rooms
D:2:      layout_rooms, minmay_liquid_box, minmay_nonomino_d4
D:3:      layout_basic, chequers_serial_rivers_micro_b
D:4:      layout_loops_corners, kennysheep_doodads
D:5:      layout_basic, minmay_crystal_room, minivault_11

Skill      XL: |  1  2 |
---------------+-------+-----
Unarmed Combat | 2 3 |  3.5
Fighting       | |  3.0
Dodging        | |  1.7
Stealth        | |  4.5

Action                     || total
---------------------------++-------
  Melee: Unarmed           ||   121
    Use: Potion            ||     3
         Scroll            ||     8
   Stab: Sleeping          ||     5
 Armour: Leather armour    ||    35
  Dodge: Dodged            ||    67
